Arrhythmia, chaotic female vampiric Convict ----- --------- |<..--- ------.......-- ------- |.....---|.........--..| |.....| --..|)...|.---------|..| |.((..| --.|-.....---- ---- |.....| ------ --|..[......|--- ----- ---|--- |..-.| ----.|....|..----...-- |.| |..|.| --+-. -----[(|....|.....-.-- |.| |..|.|--- -...... ------ |[[|...............-.-- ---|....||....... |%..%| --......---...........----- |.|..||...{... ....| |........|...|...........-- |.|..|--...... -|- ------....-------...---......-|.|------....- - --- -(---...-|...-|..|..|-...|..---...|.--..|._.|.... ------ |.. .))(...%.|..--|..|..|--.....|-%...|......@.---.%..|[((.| |..-...%[..........-.---|-----..-|..........--....|-.%.%((((| -----.....{....----...............|...`.......|-...|...-|((((| |..............-- --+--.---------.........--..|........|------ -+-----.........| |.|.(((| --.......-----|...|....| -..------- |.-.(((| ---...--- --..|...-- --|.(((| ----- -----... ------ ---- Arrhythmia the Jail-bird Experience level: 8 Strength: 15 Dexterity: 12 Constitution: 20 Intelligence: 13 Wisdom: 9 Charisma: 8 Health: 0(87) Energy: 52(52) AC: -10 Gold: 0 Moves: 4059 Your Inventory: Armor b - a cursed +0 striped shirt (being worn) i - an [uncursed] +3 hooded cloak [dwarvish] (being worn) k - an [uncursed] +0 dwarvish mithril-coat (being worn) l - an [uncursed] +0 hard hat [dwarvish iron helm] (being worn) v - an [uncursed] +3 pair of hard shoes [iron] (being worn) x - a [blessed] +2 pair of fencing gloves [leather] (being worn) y - an [uncursed] +0 small shield (being worn) Iron balls c - an uncursed heavy iron ball (chained to you) (weapon in hand) Spells known in the end: Name Level Category Fail Memory Your skills at the end: Fighting Skills Weapon Skills sling [Basic / Skilled] Spellcasting Skills Final Attributes: You were piously aligned. Hunger level was 571. Your alignment was 29 / 30. Monster difficulty range was 1 - 7. Level difficulty was 6. You were immune to poison. You were immune to level-drain. You were immune to sickness. You were punished. You could fly. You could survive without air. You regenerated. Your luck was zero. You are dead. Vanquished creatures: 2 watchmen a giant beetle an orc mummy a lizard 3 chickatrices a dingo a housecat a dust vortex a plains centaur a gnome mummy a snake 4 snow ants a rock piercer a rock mole a fog cloud a yellow light 5 gnome lords 2 gnomish wizards a kobold mummy a straw golem a floating eye 2 kittens 7 dwarves a homunculus a rothe a rabid rat a giant bat 10 dwarf zombies a werejackal 3 iguanas 2 hobbits 4 manes a large kobold a hobgoblin 3 giant rats 27 gnomes 3 Keystone Kops a gecko 2 jackals a fox 2 kobolds 3 goblins 3 sewer rats 4 grid bugs 5 lichens 3 kobold zombies 5 newts 129 creatures vanquished. Voluntary challenges: You went without food. You never hit with a wielded weapon. You read items or engraved 1 time. You put on armor 9 times. You never genocided any monsters. You never polymorphed an object. You never changed form. You used no wishes. You abstained from Elbereth's help. You never encountered a bones level. You never used any Sokoban shortcuts. Dungeon overview: The Dungeons of Doom: levels 1 to 3 Level 1 a long staircase Level 2 a fountain Level 3 a scroll shop, some fountains stairs to The Gnomish Mines The Gnomish Mines: levels 4 to 6 Level 4 stairs to The Dungeons of Doom Level 6 <- You were here some shops, a temple, a magic chest, some fountains History has recorded: On T:1 you entered the Dungeons of Doom to retrieve the Amulet of Yendor! On T:644 you advanced to experience level 2. On T:690 you reached level 2 of The Dungeons of Doom. On T:901 you advanced to experience level 3. On T:1004 you reached level 3 of The Dungeons of Doom. On T:1065 you advanced to experience level 4. On T:1568 you reached level 1 of The Gnomish Mines. On T:1574 you advanced to experience level 5. On T:1857 you advanced to experience level 6. On T:2090 you reached level 2 of The Gnomish Mines. On T:2146 you advanced to experience level 7. On T:2526 you reached level 3 of The Gnomish Mines. On T:2920 you advanced to experience level 8. Latest messages: The Keystone Kop swings his club. The Keystone Kop hits! Yad hits! (2x) Yad misses. (2x) [HP-17=47] You miss Yad. You bite Yad. You feed on the lifeblood. Yad suddenly seems weaker! Yad hits! (2x) [HP-3=44] Yad hits! (2x) [HP-11=33] [HP+1=34] Yad hits! (2x) [HP-5=29] [HP+1=30] Yad hits! (4x) [HP-25=5] [HP+1=6] Yad hits! You die... Yad looks at your corpse, shakes his head, and disappears. Final status: Goodbye Arrhythmia the Convict... You died in The Gnomish Mines on dungeon level 6 with 6222 points, and 0 pieces of gold, after 4059 moves. You were level 8 with a maximum of 87 hit points when you died.